 Dungeon Crawl Stone Soup version 0.19.5 (webtiles) character file.

119 JeffiDaFish the Shooter (level 4, -2/23 HPs)
             Began as a Spriggan Hunter on Dec 15, 2017.
             Slain by JeffiDaFish's ghost (4 damage)
             ... on level 3 of the Dungeon.
             The game lasted 00:07:05 (2133 turns).

JeffiDaFish the Shooter (Spriggan Hunter)           Turns: 2133, Time: 00:07:05

Health: -2/23      AC:  4    Str:  8    XL:     4   Next: 74%
Magic:  5/5        EV: 19    Int: 12    God:
Gold:   92         SH:  0    Dex: 17    Spells: 0 memorised, 3 levels left

rFire  . . .     SeeInvis +     b - +0 short sword
rCold  + . .     Gourm    .     c - +0 robe
rNeg   . . .     Faith    .     (shield restricted)
rPois  .         Spirit   .     (helmet restricted)
rElec  .         Reflect  .     h - +1 cloak
rCorr  .         Harm     .     (gloves unavailable)
MR     .....     Clarity  +     (boots unavailable)
Stlth  ++........               (no amulet)
                                (no ring)
                                (no ring)

@: very quick
A: unfitting armour, see invisible, clarity, cold resistance 1, deterioration 1,
herbivore 3, speed 3, slow metabolism 2
a: no special abilities


You were on level 3 of the Dungeon.
You were not hungry.

You visited 1 branch of the dungeon, and saw 3 of its levels.

You collected 92 gold pieces.

Inventory:

Hand Weapons
 a - a +2 shortbow
 b - a +0 short sword (weapon)
Missiles
 d - 4 arrows
Armour
 c - a +0 robe (worn)
 h - a +1 cloak (worn)
Jewellery
 k - a cursed amulet of inaccuracy {unknown}
Scrolls
 e - 5 scrolls of identify
 g - 3 scrolls of teleportation
 i - 2 scrolls of remove curse
 j - a scroll of fog
Comestibles
 f - a bread ration


   Skills:
 + Level 2.0 Fighting
 + Level 0.7 Short Blades
 + Level 6.6 Bows
 + Level 3.4 Dodging
 + Level 2.6 Stealth


You had 3 spell levels left.
You didn't know any spells.

Dungeon Overview and Level Annotations

Branches:
Dungeon (3/15)

Altars:
Dithmenos
Nemelex Xobeh
Qazlal
Ru
Vehumet
The Shining One

Annotations:
D:3 JeffiDaFish's ghost, amateur SpHu


Innate Abilities, Weirdness & Mutations

You are very small and have problems with some larger weapons.
You are too small for most types of armour.
You have supernaturally acute eyesight. (SInv)
You are a herbivore.
You cover ground extremely quickly.
You need consume almost no food.
You possess an exceptional clarity of mind.
Your flesh is cold resistant. (rC+)
Your body sometimes deteriorates upon taking damage.


Message History

JeffiDaFish's ghost is almost destroyed.
JeffiDaFish's ghost closely misses you.
You miss JeffiDaFish's ghost.
JeffiDaFish's ghost is almost destroyed.
JeffiDaFish's ghost hits you.
* * * LOW HITPOINT WARNING * * *
You miss JeffiDaFish's ghost.
JeffiDaFish's ghost is almost destroyed.
JeffiDaFish's ghost closely misses you.
You hit JeffiDaFish's ghost but do no damage.
JeffiDaFish's ghost is almost destroyed.
JeffiDaFish's ghost barely misses you.
You closely miss JeffiDaFish's ghost.
JeffiDaFish's ghost is almost destroyed.
JeffiDaFish's ghost misses you.
You closely miss JeffiDaFish's ghost.
JeffiDaFish's ghost is almost destroyed.
JeffiDaFish's ghost screams, "Don't try to defend!
You have no chance!"
JeffiDaFish's ghost hits you.
You die...

#.#.# #.# #.#.# # #..#
#.# #.#.# .#..# ## #.#
#.#.# .#..## . #.# #.#.#
.... #.#.# ##.#.# #..#
#.##.#.# #....# #..#
#......###..).#####..#
#.....@W.....(†.(....##
...##.#######.#####.#...
# #.# #..... #.# #####.
..# #. ... #. #.## #. #.
#. #.


You could see JeffiDaFish's ghost.

Vanquished Creatures
  7 adders (D:2)
  3 worms (D:2)
  A dart slug (D:1)
  A leopard gecko (D:3)
  A ball python (D:2)
  5 bats
  2 giant cockroaches
  7 goblins
  5 hobgoblins
  6 kobolds
  2 frilled lizards
  8 rats
48 creatures vanquished.

Notes
Turn   | Place    | Note
-------+----------+-------------------------------------------
     0 | D:1      | JeffiDaFish the Spriggan Hunter began the quest for the Orb.
     0 | D:1      | Reached XP level 1. HP: 10/10 MP: 2/2
   135 | D:1      | Reached skill level 5 in Bows
   186 | D:1      | Reached XP level 2. HP: 13/14 MP: 3/3
   878 | D:2      | Found a faded altar of an unknown god.
   926 | D:2      | Reached XP level 3. HP: 18/18 MP: 4/4
   952 | D:2      | Reached skill level 6 in Bows
  1109 | D:2      | Reached XP level 4. HP: 18/23 MP: 5/5
  1173 | D:2      | Gained mutation: Your flesh is cold resistant. (rC+) [potion of mutation]
  1173 | D:2      | Gained mutation: You possess an exceptional clarity of mind. [potion of mutation]
  1173 | D:2      | Gained mutation: Your body sometimes deteriorates upon taking damage. [potion of mutation]
  1478 | D:2      | Found a glowing golden altar of the Shining One.
  1578 | D:2      | Found a shadowy altar of Dithmenos.
  1580 | D:2      | Found a stormy altar of Qazlal.
  1591 | D:2      | Found a sparkling altar of Nemelex Xobeh.
  1593 | D:2      | Found a sacrificial altar of Ru.
  1596 | D:2      | Found a radiant altar of Vehumet.
  2096 | D:3      | Noticed JeffiDaFish's ghost (amateur SpHu)
  2129 | D:3      | HP: 1/23 [JeffiDaFish's ghost (4)]
  2133 | D:3      | Slain by JeffiDaFish's ghost

Skill      XL: |  1  2  3  4 |
---------------+-------------+-----
Bows           | 5 6 |  6.6
Stealth        | 2 |  2.6
Fighting       | 2 |  2.0
Short Blades   | |  0.7
Dodging        | |  3.4

Action                   |  1- 3 |  4- 6 || total
-------------------------+-------+-------++-------
Melee: Short sword       |    26 |     7 ||    33
 Fire: Shortbow          |    75 |    76 ||   151
  Use: Potion            |     6 |     2 ||     8
       Scroll            |     7 |       ||     7
Armor: Robe              |    13 |     3 ||    16
Dodge: Dodged            |    44 |    33 ||    77
